Map: Cerulean Fall LE

Players

radicalrj

  • Race: Zerg Zerg
  • League: Bronze
  • Spawn Location: 1:00

WoWmashx - Winner!

  • Race: Protoss Protoss
  • League: Bronze
  • Spawn Location: 7:00

VOD

Have the link to the VOD?

Description

Time

  • Played on: Aug. 21, 2018, 5:02 p.m.
  • Length: 23:54
Show
View Real Time Build Order
Export as new Build Order

radicalrj Zerg 

Build Orders: Pool First 

Get SALT Encoding   

  12  0:08  Overlord  
  13  0:14  Drone  
  13  0:18  Drone  
  14  0:28  Drone  
  15  0:34  Drone  
  16  0:42  Drone  
  17  0:48  Spawning Pool  
  16  0:51  Drone  
  17  1:06  Drone  
  18  1:19  Hatchery  
  18  1:21  Drone  
  18  1:26  Drone  
  19  1:37  Queen  
  21  1:40  Zergling x2  
  22  1:49  Overlord  
  22  1:52  Extractor  
  21  1:57  Drone  
  22  2:11  Zergling x2  
  23  2:26  Zergling x2  
  24  2:36  Extractor, Roach Warren  
  22  2:39  Queen  
  22  2:41  Drone  
  22  2:43  Drone  
  26  2:54  Drone x5  
  26  2:57  Drone  
  32  3:08  Drone  
  33  3:25  Lair  
  33  3:32  Drone x2  
  35  3:35  Overlord  
  35  3:36  Overlord  
  35  3:38  Hatchery  
  33  4:08  Roach x2  
  33  4:09  Roach x7  
  51  4:13  Drone  
  52  4:18  Overlord  
  52  4:40  Spire  
  52  4:42  Drone x2  
  52  4:43  Drone x3  
  56  4:47  Extractor  
  55  4:55  Drone  
  56  5:05  Queen  
  58  5:07  Roach x2  
  58  5:08  Roach x2  
  66  5:14  Overlord  
  66  5:27  Overlord x2  
  66  5:45  Ravager x3  
  66  5:46  Ravager  
  70  5:50  Zergling x12  
  70  5:51  Zergling x14  
  70  5:52  Zergling x2  
  84  6:05  Overlord x3  
  84  6:13  Overlord x2  
  84  6:35  Hydralisk Den  
  48  7:13  Mutalisk  
  48  7:14  Mutalisk x3  
  48  7:25  Extractor  
  44  7:38  Spore Crawler  
  43  7:44  Spore Crawler  
  43  7:47  Mutalisk x2  
  46  8:05  Drone  
  46  8:06  Extractor, Drone x4  
  28  8:36  Hydralisk x4  
  28  8:37  Hydralisk x5  
  21  9:37  Drone x2  
  21  9:44  Drone x3  
  24  9:55  Hatchery  
  23  10:00  Hydralisk  
  23  10:01  Hydralisk x3  
  31  10:11  Drone  
  31  10:12  Drone x3  
  31  10:14  Drone x3  
  38  10:34  Drone  
  39  10:35  Drone  
  39  10:36  Drone  
  39  10:41  Drone  
  39  10:42  Drone x3  
  45  10:49  Drone x3  
  48  11:09  Drone  
  49  11:15  Spawning Pool  
  49  11:18  Drone x3  
  49  11:19  Drone x3  
  49  11:20  Drone  
  49  11:22  Drone  
  49  11:23  Drone x2  
  59  11:32  Drone  
  59  11:39  Hydralisk x3  
  65  11:52  Drone x2  
  67  12:03  Queen  
  69  12:16  Grooved Spines  
  69  12:22  Drone x3  
  72  12:30  Hydralisk x4  
  72  12:31  Hydralisk x5  
  72  12:32  Hydralisk  
  72  12:34  Hatchery  
  91  12:49  Drone x3  
  91  12:50  Drone x3  
  97  13:06  Drone x2  
  97  13:07  Drone x4  
  103  13:15  Hatchery  
  102  13:21  Drone  
  102  13:22  Drone x3  
  102  13:26  Overlord x3  
  106  13:28  Drone x2  
  108  13:43  Lair  
  108  13:46  Zerg Flyer Weapons Level 1  
  108  13:48  Queen  
  108  13:49  Drone  
  111  14:22  Overlord x4  
  111  14:23  Hydralisk x3  
  111  14:24  Hydralisk x8  
  113  14:25  Hydralisk x5  
  143  14:42  Queen  
  143  14:43  Drone x2  
  147  15:02  Drone x2  
  147  15:04  Extractor  
  148  15:10  Corruptor x5  
  158  15:19  Extractor  
  157  15:27  Infestation Pit  
  156  15:31  Drone x2  
  158  15:54  Drone x5  
  158  15:55  Drone x2  
  165  15:57  Overlord x3  
  165  15:58  Overlord x2  
  165  16:06  Hive  
  165  16:09  Corruptor x7  
  179  16:20  Extractor x2  
  177  16:50  Drone  
  177  16:51  Drone  
  177  16:53  Corruptor x4  
  177  16:54  Corruptor x4  
  195  17:18  Extractor, Drone x2  
  196  17:35  Evolution Chamber  
  195  17:41  Evolution Chamber  
  194  17:46  Corruptor x3  
  200  18:00  Evolution Chamber  
  200  18:03  Zerg Ground Armor Level 1  
  199  18:09  Spire  
  198  18:15  Spire  
  198  18:16  Greater Spire  
  197  18:26  Zerg Missile Weapons Level 1  
  197  18:30  Zerg Melee Weapons Level 1  
  197  18:36  Muscular Augments  
  197  18:45  Burrow  
  197  19:21  Zerg Flyer Weapons Level 2  
  197  19:29  Zerg Flyer Armor Level 1  
  197  19:55  Brood Lord  
  199  20:29  Spore Crawler x2  
  199  20:30  Spore Crawler, Zerg Missile Weapons Level 2  
  199  20:31  Spore Crawler  
  199  20:32  Zerg Ground Armor Level 2, Spore Crawler  
  199  20:34  Spore Crawler x2, Zerg Melee Weapons Level 2  
  192  20:45  Overseer  
  192  20:53  Brood Lord x4  
  200  21:29  Zerg Flyer Armor Level 2  
  200  21:33  Greater Spire  
  136  22:13  Hydralisk x5  
  136  22:14  Hydralisk x8  
  136  22:15  Hydralisk x9  
  110  22:16  Hydralisk x6  
  110  22:18  Hydralisk x7  
  110  22:19  Hydralisk x8  
  110  22:20  Hydralisk x7  
  110  22:21  Hydralisk x5  
  186  22:22  Hydralisk  
  186  22:23  Hydralisk x5  
  198  22:37  Overlord x2  
  198  22:46  Overseer  
Show
View Real Time Build Order
Export as new Build Order

WoWmashx Protoss - Winner!

Build Orders:  

Get SALT Encoding   

  12  0:08  Probe  
  13  0:16  Probe  
  14  0:24  Probe  
  14  0:34  Pylon  
  15  0:52  Probe  
  15  0:54  Gateway  
  16  0:58  Pylon  
  16  1:04  Assimilator, Probe  
  17  1:17  Probe  
  18  1:26  Probe  
  18  1:30  Assimilator  
  19  1:34  Probe  
  20  1:41  Forge  
  20  1:43  Probe  
  21  1:52  Pylon  
  21  1:55  Probe  
  22  2:07  Probe  
  23  2:11  Cybernetics Core  
  23  2:41  Photon Cannon  
  23  2:52  Pylon  
  23  3:00  Zealot  
  25  3:10  Stargate  
  25  3:23  Photon Cannon  
  25  3:24  Photon Cannon  
  25  3:28  Photon Cannon  
  25  3:31  Photon Cannon  
  24  3:51  Zealot  
  24  3:53  Void Ray  
  26  3:55  Probe  
  31  4:31  Photon Cannon  
  31  4:36  Void Ray  
  35  4:49  Photon Cannon  
  35  4:54  Photon Cannon  
  35  4:59  Pylon  
  35  5:09  Void Ray  
  39  5:40  Pylon  
  39  5:52  Void Ray  
  43  6:02  Nexus  
  43  6:06  Assimilator  
  43  6:09  Assimilator  
  43  6:18  Protoss Air Weapons Level 1  
  43  6:22  Protoss Shields Level 1  
  43  6:25  Probe  
  44  6:33  Probe  
  44  6:36  Stargate  
  45  6:43  Pylon, Probe  
  46  6:55  Probe  
  45  7:07  Probe  
  44  7:41  Void Ray x2  
  52  7:58  Probe  
  53  8:06  Probe  
  54  8:15  Probe  
  55  8:24  Void Ray  
  59  8:27  Probe  
  60  8:39  Probe  
  61  8:58  Photon Cannon  
  61  9:12  Void Ray  
  61  9:13  Void Ray  
  53  9:54  Photon Cannon  
  53  9:59  Photon Cannon  
  53  10:02  Photon Cannon  
  53  10:06  Photon Cannon  
  53  10:15  Photon Cannon  
  53  10:17  Pylon  
  53  10:23  Probe  
  54  10:31  Probe  
  54  10:41  Probe  
  55  10:44  Protoss Air Armor Level 1  
  55  10:47  Void Ray x2  
  64  10:53  Probe  
  65  11:05  Probe  
  66  11:29  Void Ray  
  66  11:30  Void Ray, Fleet Beacon  
  74  11:55  Cybernetics Core  
  74  12:00  Twilight Council  
  74  12:12  Void Ray x2  
  82  12:35  Protoss Air Weapons Level 2  
  82  12:38  Protoss Shields Level 2  
  82  12:43  Protoss Air Armor Level 2  
  82  12:59  Probe  
  83  13:07  Probe  
  84  13:17  Void Ray x2, Probe  
  93  13:29  Probe  
  94  13:42  Pylon  
  94  13:45  Pylon  
  94  13:49  Pylon  
  94  13:51  Pylon  
  94  14:00  Void Ray  
  94  14:01  Probe  
  94  14:02  Pylon  
  99  14:03  Void Ray  
  99  14:04  Pylon  
  99  14:07  Pylon  
  103  14:11  Pylon  
  103  14:15  Pylon  
  103  14:18  Pylon  
  103  14:22  Pylon  
  103  14:25  Pylon  
  103  14:43  Void Ray  
  107  14:46  Void Ray  
  107  14:49  Protoss Air Weapons Level 3  
  107  14:50  Protoss Air Armor Level 3  
  111  14:56  Protoss Shields Level 3  
  111  15:37  Assimilator  
  111  15:39  Assimilator  
  111  15:40  Nexus  
  111  16:18  Void Ray x2  
  119  16:54  Nexus  
  119  16:57  Assimilator  
  119  17:01  Void Ray  
  123  17:02  Assimilator  
  123  17:47  Void Ray x2  
  131  17:56  Probe  
  132  18:08  Probe  
  133  18:20  Probe x2  
  135  18:28  Probe, Mothership  
  135  18:29  Void Ray x2  
  135  18:32  Probe  
  145  18:38  Probe  
  154  18:50  Probe  
  155  18:57  Charge  
  155  19:02  Probe  
  156  19:09  Templar Archives  
  156  19:12  Void Ray  
  156  19:14  Dark Shrine  
  160  19:17  Shield Battery  
  160  19:22  Robotics Facility  
  160  19:32  Protoss Ground Weapons Level 1  
  160  19:40  Anion Pulse-Crystals  
  160  19:45  Void Ray  
  164  19:55  Void Ray  
  168  20:28  Void Ray  
  172  20:33  Robotics Facility  
  172  20:37  Pylon, Resonating Glaives, Psionic Storm  
  172  20:44  Void Ray, Graviton Catapult  
  176  21:01  Warp Gate  
  176  21:11  Void Ray  
  180  21:15  Observer  
  181  21:27  Void Ray  
  185  21:32  Observer  
  186  21:47  Observer  
  163  22:37  Void Ray x2  
  171  23:10  Gateway  
  171  23:15  Dark Templar  
Tags
 
Add a new tag
Caveats
  • Supply blocks, unpowered buildings, or Contaminate may cause inaccurate times.
  • Supply counts are checked every 10 seconds.